 Dungeon Crawl Stone Soup version 0.26-a0-652-gafc20e3620 (webtiles) character file.

Game seed: 853225623981959283

4914 ringo67 the Grappler (level 10, -7/71 HPs)
             Began as an Octopode Transmuter on Oct 3, 2020.
             Was a Follower of Ru.
             Mangled by an orc warrior
             ... wielding a +0 halberd
              (11 damage)
             ... on level 9 of the Dungeon on Oct 4, 2020.
             The game lasted 00:20:23 (9725 turns).

ringo67 the Grappler (Octopode Transmuter)          Turns: 9725, Time: 00:20:23

Health: -7/71      AC:  1    Str: 13      XL:     10   Next: 51%
Magic:  13/13      EV: 13    Int: 16      God:    Ru [*.....]
Gold:   489        SH:  0    Dex: 13 (14) Spells: 5/13 levels left

rFire    . . .     SeeInvis .   t - +11 quarterstaff "Ibyrhol" {elec, Dex+2}
rCold    . . .     Faith    .   (shield currently unavailable)
rNeg     . . .     Spirit   .   (helmet restricted)
rPois    .         Reflect  .   e - amulet of regeneration
rElec    .         Harm     .   f - ring of wizardry
rCorr    .         Rampage  .   (no ring)
MR       .....                  (no ring)
Stlth    ++........             (no ring)
HPRegen  0.61/turn              (no ring)
MPRegen  0.13/turn              (no ring)
                                (no ring)
                                (no ring)

@: lightly drained
A: almost no armour, stealthy swim, amphibious, 8 rings, constrict 8, camouflage
1, gelatinous body 1, hated by all
a: Renounce Religion


You were on level 9 of the Dungeon.
You worshipped Ru.
Ru was aware of your devotion.
You visited 2 branches of the dungeon, and saw 10 of its levels.

You collected 489 gold pieces.

Inventory:

Hand Weapons
 t - the +11 quarterstaff "Ibyrhol" (weapon) {elec, Dex+2}
   (You found it on level 5 of the Dungeon)

   Occasionally, upon striking a foe, it will discharge some electrical energy
   and cause terrible harm.
   It affects your dexterity (+2).
Missiles
 h - 4 javelins (quivered)
 r - 8 poisoned darts
Armour
 o - a +1 buckler
 s - a +0 tower shield
Jewellery
 e - an amulet of regeneration (around mantle)
 f - a ring of wizardry (left tentacle)
Wands
 n - a wand of polymorph (3)
 y - a wand of digging (7)
Scrolls
 a - 5 scrolls of teleportation
 b - 2 scrolls of enchant weapon
 c - 3 scrolls of identify
 i - a scroll of enchant armour
 u - 2 scrolls of amnesia
 z - a scroll of remove curse
Potions
 d - a potion of magic
 g - 5 potions of flight
 j - a potion of resistance
 k - a potion of lignification {unknown}
 l - 2 potions of mutation {unknown}
 m - 2 potions of curing
 p - 3 potions of stabbing
 q - 2 potions of berserk rage {unknown}
 v - 3 potions of brilliance
 w - a potion of heal wounds {unknown}


   Skills:
 + Level 7.4(7.0) Fighting
 - Level 2.0(1.7) Dodging
 * Level 10.8(10.4) Unarmed Combat
 - Level 2.0(1.7) Spellcasting
 + Level 7.6(7.2) Transmutations
 + Level 3.0(2.7) Ice Magic
 - Level 2.0(1.7) Poison Magic


You had 5 spell levels left.
You knew the following spells:

 Your Spells              Type           Power        Failure   Level
a - Beastly Appendage     Tmut           ###...       1%          1
b - Spider Form           Tmut/Pois      ###.......   4%          3
c - Ice Form              Ice/Tmut       ###.....     11%         4

Your spell library contained the following spells:

 Spells                   Type           Power        Failure   Level
 Wereblood                Tmut           ###.....     1%          2
 Blade Hands              Tmut           ###.......   12%         5
 Petrify                  Tmut/Erth      ##......     19%         4
 Confusing Touch          Hex            #.......     26%         3
 Gell's Gravitas          Tloc           #.........   26%         3
 Portal Projectile        Hex/Tloc       #.....       26%         3
 Yara's Violent Unravell  Hex/Tmut       ##........   45%         5
 Metabolic Englaciation   Hex/Ice        #.........   77%         5
 Dispersal                Tloc           #.........   100%        6
 Disjunction              Tloc           #.........   100%        8


Dungeon Overview and Level Annotations

Branches:
Dungeon (9/15)             Temple (1/1) D:5             Orc (0/2) D:9
   Lair: D:8-11

Altars:
Ashenzari
Cheibriados
Dithmenos
Elyvilon
Fedhas
Gozag
Hepliaklqana
Kikubaaqudgha
Makhleb
Nemelex Xobeh
Okawaru
Qazlal
Ru
Sif Muna
Trog
Uskayaw
Vehumet
Wu Jian
Xom
Yredelemnul
Zin
The Shining One
Lugonu

Shops:
D:4 ?   D:7 (

Annotations:
D:5 1 runed translucent door, Crazy Yiuf
D:7 3 runed translucent doors, heikuro's ghost, novice FoAK
D:8 Harold
D:9 3 runed translucent doors, rogsnak's ghost, novice DrIE


Innate Abilities, Weirdness & Mutations

You cannot wear most types of armour.
You are very stealthy in the water. (Stealth+)
You are amphibious.
You can wear up to eight rings at the same time.
You can use your tentacles to constrict eight enemies at once.
Your skin changes colour to match your surroundings (Stealth+).
Your rubbery body absorbs attacks. (AC +1, EV +1)
You are hated by all.


Message History

You constrict the orc. The orc closely misses you. The orc warrior misses you.
You sock the orc! Lightning courses through the orc!
You kill the orc!
You redirect the orc priest's attack!
The orc warrior hits you from afar with a +0 halberd!
You are too injured to fight recklessly!
You are too injured to fight recklessly!
You are too injured to fight recklessly!
You barely miss something. You tentacle-slap something. Something hits you.
The orc warrior barely misses you. Something hits you.
You miss something.
The orc priest begins to cast a cantrip, but forgets the words!
Something hits you.
The orc warrior hits you from afar with a +0 halberd!!
* * * LOW HITPOINT WARNING * * *
The orc priest begins to pray, but is stunned by your will!
You miss something. Something hits you but does no damage.
The orc priest looks satisfied for a moment.
The orc warrior hits you from afar with a +0 halberd!
You die...

#####.# # #.# #
#.# # #.# # #.# #
########.########
#...............#
#.##.##########.#
#@# ### ##{# ..#
#oo# #.# #..# #.#
#..# #.# #..# #..
##.. #.# ... #.#
#.. #.#


You could see an orc warrior and an orc priest.

Vanquished Creatures
  Maggie (D:8)
  2 hornets
  Sigmund (D:4)
  Eustachio (D:4)
  A steam dragon (D:6)
  3 orc warriors
  An ice beast (D:7)
  2 sky beasts
  An eye of draining (D:8)
  A black bear (D:9)
  2 necrophages
  2 phantoms (D:6)
  A hornet zombie (D:7)
  An ogre (D:8)
  4 centaurs
  A big kobold (D:7)
  6 bullfrogs
  4 scorpions
  4 killer bees (D:9)
  A water moccasin skeleton (D:8)
  3 wights (D:9)
  2 quasits
  5 orc priests
  3 hounds
  2 centaur skeletons
  2 jellies (D:6)
  6 orc wizards
  A bullfrog skeleton (D:5)
  2 iguanas
  7 worker ants
  A hound zombie (D:7)
  A howler monkey zombie (D:9)
  A worker ant zombie (D:6)
  7 adders
  5 gnolls
  A shadow imp (D:9)
  3 white imps
  An ufetubus (D:5)
  2 oozes
  An adder skeleton (D:6)
  3 adder zombies
  2 dart slugs
  7 leopard geckos
  38 orcs
  3 giant cockroaches
  7 hobgoblins
  4 jackals (D:9)
  4 quokkas
  A ball python (D:1)
  8 bats
  7 frilled lizards
  4 goblins
  11 kobolds
  5 rats
200 creatures vanquished.

Vanquished Creatures (others)
  A steam dragon (D:6)
  8 fungi (D:6)
  3 plants (D:9)
12 creatures vanquished.

Grand Total: 212 creatures vanquished

Notes
Turn   | Place    | Note
-------+----------+-------------------------------------------
     0 | D:1      | ringo67 the Octopode Transmuter began the quest for the
                  | Orb.
     0 | D:1      | Reached XP level 1. HP: 13/13 MP: 3/3
   112 | D:1      | Reached XP level 2. HP: 13/18 MP: 5/5
   528 | D:1      | Reached XP level 3. HP: 23/23 MP: 4/6
   820 | D:2      | Found a stormy altar of Qazlal.
   912 | D:2      | Found a blossoming altar of Fedhas.
   968 | D:2      | Found an opulent altar of Gozag.
   981 | D:2      | Reached skill level 4 in Unarmed Combat
   981 | D:2      | Reached XP level 4. HP: 29/29 MP: 7/7
  1599 | D:3      | Found a basalt altar of Yredelemnul.
  1714 | D:3      | Found a glowing silver altar of Zin.
  2010 | D:4      | Learned a level 3 spell: Spider Form
  2094 | D:4      | Noticed Eustachio
  2158 | D:4      | Found Jolud's Magic Scroll Boutique.
  2219 | D:4      | Noticed Sigmund
  2249 | D:4      | Reached XP level 5. HP: 29/35 MP: 8/8
  2638 | D:4      | Killed Sigmund
  2638 | D:4      | Reached skill level 5 in Unarmed Combat
  2638 | D:4      | Reached XP level 6. HP: 42/42 MP: 6/9
  2661 | D:4      | Found a hide-covered altar of Uskayaw.
  3010 | D:4      | Killed Eustachio
  3010 | D:4      | Reached XP level 7. HP: 20/46 MP: 7/10
  3194 | D:5      | Entered Level 5 of the Dungeon
  3644 | D:5      | Got a shimmering quarterstaff
  3652 | D:5      | Identified the +11 quarterstaff "Ibyrhol" {elec, Dex+2}
                  | (You found it on level 5 of the Dungeon)
  3712 | D:5      | Reached skill level 6 in Unarmed Combat
  3926 | D:5      | Found a broken altar of Ashenzari.
  4103 | D:5      | Found a staircase to the Ecumenical Temple.
  4112 | Temple   | Entered the Ecumenical Temple
  4437 | D:5      | Reached XP level 8. HP: 41/54 MP: 11/11
  4488 | D:5      | Found a hazy altar of Hepliaklqana.
  4694 | D:5      | Found a runed translucent door.
  4695 | D:5      | Noticed Crazy Yiuf
  5053 | D:6      | Reached skill level 7 in Unarmed Combat
  5055 | D:6      | Noticed a hornet
  5059 | D:6      | Killed a hornet
  5059 | D:6      | Reached skill level 5 in Transmutations
  5069 | D:6      | Reached skill level 5 in Fighting
  5072 | D:6      | Reached skill level 8 in Unarmed Combat
  5227 | D:6      | Found a shimmering altar of Xom.
  5293 | D:6      | Reached XP level 9. HP: 41/61 MP: 12/12
  5603 | D:6      | Reached skill level 9 in Unarmed Combat
  5991 | D:7      | Found a hazy altar of Hepliaklqana.
  5991 | D:7      | Found a shadowy altar of Dithmenos.
  6055 | D:7      | Found Goimnan's Antique Weapon Boutique.
  6660 | D:7      | Found a bloodstained altar of Trog.
  6979 | D:7      | Found an iron altar of Okawaru.
  6979 | D:7      | Found an ornate altar of the Wu Jian Council.
  7017 | D:7      | Found a runed translucent gate.
  7017 | D:7      | Found a runed translucent gate.
  7019 | D:7      | Found a runed translucent gate.
  7019 | D:7      | Noticed heikuro's ghost (novice FoAK)
  7156 | D:8      | Learned a level 4 spell: Ice Form
  7433 | D:8      | Reached skill level 10 in Unarmed Combat
  7434 | D:8      | Reached skill level 1 in Ice Magic
  7488 | D:8      | Found a sparkling altar of Nemelex Xobeh.
  7490 | D:8      | Reached XP level 10. HP: 69/69 MP: 13/13
  7681 | D:8      | Found a sacrificial altar of Ru.
  7688 | D:8      | Became a worshipper of Ru the Awakened
  7726 | D:8      | Found a shimmering blue altar of Sif Muna.
  7815 | D:8      | Noticed Maggie
  7826 | D:8      | Killed Maggie
  8200 | D:8      | Noticed Harold
  9378 | D:9      | Found a runed translucent gate.
  9379 | D:9      | Found a runed translucent gate.
  9380 | D:9      | Found a runed translucent gate.
  9380 | D:9      | Noticed a kobold demonologist
  9383 | D:9      | Noticed rogsnak's ghost (novice DrIE)
  9384 | D:9      | Identified the +7 short sword of Quick Death {drain, rPois
                  | Int+4}
  9386 | D:9      | Noticed a kobold demonologist
  9611 | D:9      | Gained mutation: You are hated by all. [Ru sacrifice]
  9611 | D:9      | Reached * piety under Ru
  9628 | D:9      | Found a staircase to the Orcish Mines.
  9724 | D:9      | HP: 3/71 [orc warrior/+0 halberd (24)]
  9725 | D:9      | Mangled by an orc warrior

Illustrated notes

Levels and vault maps discovered:
D:1:      nzn_arrival_water_spiral, layout_loops_ring, minmay_tromino_v7
D:2:      layout_loops_cross, grunt_qazlal_clouds,
          nicolae_gozag_cash_rules_everything_around_me, fedhas_altar_2
D:3:      layout_rooms, lemuel_doored_altar, yredelemnul_altar_generic
D:4:      layout_cave_pools, kennysheep_mini, serial_shops, shop_scrolls,
          uniq_sigmund, uniq_eustachio
D:5:      layout_loops_ring, lemuel_round_altar, temple_statues, basic_altar,
          kennysheep_another_room, uniq_crazy_yiuf_cottage
D:6:      kennysheep_steamy, layout_basic, old_standard_altar,
          roderic_roman_lattice
D:7:      layout_loops_ring, riverfiend_overflow_shadow_ancestor,
          gammafunk_temple_overflow_wave, old_standard_altar,
          ebering_ghost_rock_garden, serial_shops, shop
D:8:      layout_loops_corners, nicolae_overflow_crystal_walls,
          lemuel_coloured_pillars_altar, nicolae_ru_awakened_eye,
          lair_entry_dummy, uniq_maggie, uniq_harold
D:9:      layout_loops_ring, orc_0_dummy, gammafunk_ghost_nasty_kobolds,
          chequers_jeans, minmay_diced_spiral
Temple:   corrupted_temple

Skill      XL: |  1  2  3  4  5  6  7  8  9 10 |
---------------+-------------------------------+-----
Unarmed Combat | 4 5 6 8 10 | 10.8
Fighting       | 2 3 4 5 6 7 |  7.4
Transmutations | 3 4 5 7 |  7.6
Poison Magic   | 2 |  2.0
Ice Magic      | 1 3 |  3.0
Dodging        | |  2.0
Spellcasting   | |  2.0

Action                   |  1- 3 |  4- 6 |  7- 9 | 10-12 || total
-------------------------+-------+-------+-------+-------++-------
Melee: Unarmed           |    68 |    89 |    15 |       ||   172
       Constrict         |    24 |    15 |    40 |    16 ||    95
       Punch             |     5 |     2 |    10 |     6 ||    23
       Tentacles         |     7 |    11 |    19 |    16 ||    53
       Kick              |     3 |     1 |       |       ||     4
       Quarterstaff      |       |       |   162 |    88 ||   250
Throw: Javelin           |       |     1 |     7 |     9 ||    17
 Cast: Beastly Appendage |     4 |     1 |       |       ||     5
       Spider Form       |       |     3 |     1 |       ||     4
Invok: Sacrifice Love    |       |       |       |     1 ||     1
  Use: Scroll            |       |     4 |    11 |       ||    15
       Potion            |       |       |     1 |       ||     1
 Stab: Sleeping          |     8 |     2 |    12 |     3 ||    25
Armor: Skin              |     8 |     3 |     9 |     4 ||    24
Dodge: Dodged            |    59 |    58 |   119 |    56 ||   292

Table legend: (Time is in decaauts)
 A = Elapsed time spent in this place.
 B = Non-inter-level travel time spent in this place.
 C = Inter-level travel time spent in this place.
 D = Time resting spent in this place.
 E = Time spent auto-exploring this place.
 F = Levels seen in this place.
 G = Mean time per level.
                   A        B        C        D        E       F      G
               +--------+--------+--------+--------+--------+-----+--------+
         Total |   9804 |   9434 |    370 |   2986 |   4552 |  10 |  980.4 |
       Dungeon |   9761 |   9403 |    358 |   2986 |   4522 |   9 | 1084.6 |
        Temple |     43 |     31 |     12 |      0 |     30 |   1 |   43.0 |
               +--------+--------+--------+--------+--------+-----+--------+

Top non-repeatable levels by time:
     D:4: 1422 daAuts
     D:7: 1415 daAuts
     D:9: 1299 daAuts
     D:5: 1282 daAuts
     D:6: 1118 daAuts
     D:8: 1072 daAuts
     D:1: 1046 daAuts
     D:3: 572 daAuts
     D:2: 531 daAuts
  Temple: 43 daAuts
